 Dungeon Crawl Stone Soup version 0.30-a0-329-g85436e0a43 (webtiles) character file.

Game seed: 6188375662912345328

29630 greasedhog the Basher (level 13, -5/82 HPs)
             Began as a Gargoyle Cinder Acolyte on Oct 26, 2022.
             Was an Initiate of Ignis.
             Slain by a death yak (13 damage)
             ... on level 4 of the Lair of Beasts on Oct 29, 2022.
             The game lasted 00:28:32 (17816 turns).

greasedhog the Basher (Gargoyle Cinder Acolyte)    Turns: 17816, Time: 00:28:33

Health: -5/82      AC: 26    Str: 22    XL:     13   Next: 46%
Magic:  14/14      EV: 13    Int: 14    God:    Ignis [......]
Gold:   968        SH:  9    Dex:  7    Spells: 14/14 levels left

rFire   + . .      SeeInvis .    a - +6 flail (drain)
rCold   + + .      Faith    .    K - +0 kite shield
rNeg    + + .      Spirit   .    v - +2 chain mail of Kacw {Rampage rC+ rN+}
rPois   ∞          Reflect  .    x - +0 hat {Will+}
rElec   +          Harm     .    J - +2 cloak
rCorr   .          Rampage  +    (no gloves)
Will    +....                    (no boots)
Stlth   ..........               d - amulet of the acrobat
HPRegen 0.33/turn                D - ring of protection from cold
MPRegen 0.14/turn                y - +4 ring of evasion

@: about to teleport, marked
A: sickness immunity, AC +9, negative energy resistance 1, electricity
resistance, torment resistance 1, petrification resistance
a: Renounce Religion, Rising Flame


You were on level 4 of the Lair of Beasts.
You worshipped Ignis.
Ignis was noncommittal.
You visited 2 branches of the dungeon, and saw 16 of its levels.
You also visited: Sewer.

You collected 1052 gold pieces.
You spent 84 gold pieces at shops.

Inventory:

Hand Weapons
 a - a +6 flail of draining (weapon)
 E - a +0 whip of holy wrath
Missiles
 L - 6 throwing nets (quivered)
Armour
 v - the +2 chain mail of Kacw (worn) {Rampage rC+ rN+}
   (You found it on level 5 of the Dungeon)

   rC:        It protects you from cold.
   rN:        It protects you from negative energy.
   Rampage:   It bestows one free step when moving towards enemies.
 x - a +0 hat of willpower (worn)
 J - a +2 cloak (worn)
 K - a +0 kite shield (worn)
Jewellery
 c - a ring of ice
 d - an amulet of the acrobat (around neck)
 y - a +4 ring of evasion (right hand)
 D - a ring of protection from cold (left hand)
 M - a +4 ring of evasion
Wands
 t - a wand of mindburst (4)
 u - a wand of roots (12)
 w - a wand of paralysis (20)
 G - a wand of digging (5)
 P - a wand of polymorph (6)
Scrolls
 g - 2 scrolls of blinking
 j - 2 scrolls of fear
 n - 3 scrolls of magic mapping
 o - 6 scrolls of teleportation
 p - a scroll of poison
 r - a scroll of silence
 z - 2 scrolls of fog
 F - 2 scrolls of identify
 H - 3 scrolls of enchant armour
 N - a scroll of enchant weapon
 O - a scroll of immolation
 Q - a scroll of amnesia {unknown}
Potions
 b - a potion of berserk rage {unknown}
 e - a potion of lignification {unknown}
 f - 2 potions of cancellation
 h - 4 potions of curing
 i - 4 potions of haste {unknown}
 k - 4 potions of brilliance
 l - 3 potions of attraction {unknown}
 m - a potion of ambrosia {unknown}
 q - 3 potions of might
 s - 2 potions of heal wounds
 A - 4 potions of flight
 B - 3 potions of magic {unknown}
 C - a potion of mutation
 I - a potion of invisibility {unknown}


   Skills:
 - Level 10.0 Fighting
 - Level 12.0 Maces & Flails
 - Level 10.0 Armour
 * Level 9.0 Dodging
 * Level 9.2 Shields
 - Level 1.0 Spellcasting
 - Level 3.0 Fire Magic
 + Level 6.1 Evocations


You had 14 spell levels left.
You didn't know any spells.
Your spell library contained the following spells:

 Spells                   Type           Power      Damage    Failure   Level
 Scorch                   Fire           18%        2d6       86%         2
 Foxfire                  Conj/Fire      16%        2x1d4     90%         1
 Beastly Appendage        Tmut           0%         N/A       98%         1
 Necrotise                Necr           0%         1d4       98%         1
 Shock                    Conj/Air       0%         1d3       98%         1
 Sting                    Tmut/Pois      0%         1d3       98%         1
 Summon Small Mammal      Summ           0%         N/A       98%         1
 Ensorcelled Hibernation  Hex/Ice        0%         N/A       99%         2
 Poisonous Vapours        Pois/Air       0%         N/A       99%         2
 Wereblood                Tmut           0%         N/A       99%         2
 Call Canine Familiar     Summ           0%         N/A       100%        3
 Ignite Poison            Fire/Tmut/Pois 3%         N/A       100%        3
 Kindle Blastsparks       Fire/Tloc/Air  6%         2d10      100%        3
 Ozocubu's Armour         Ice            0%         N/A       100%        3
 Spider Form              Tmut/Pois      0%         N/A       100%        3
 Summon Guardian Golem    Hex/Summ       0%         N/A       100%        3
 Vampiric Draining        Necr           0%         2d6       100%        3
 Anguish                  Hex/Necr       0%         N/A       100%        4
 Olgreb's Toxic Radiance  Pois           0%         N/A       100%        4
 Agony                    Necr           0%         N/A       100%        5
 Fireball                 Conj/Fire      2%         3d4       100%        5
 Freezing Cloud           Conj/Ice/Air   0%         6-21      100%        5
 Summon Forest            Summ/Tloc      0%         N/A       100%        5
 Summon Mana Viper        Hex/Summ       0%         N/A       100%        5
 Conjure Ball Lightning   Conj/Air       0%         3x3d6     100%        6
 Starburst                Conj/Fire      2%         6d3       100%        6
 Summon Cactus Giant      Summ           0%         N/A       100%        6
 Ozocubu's Refrigeration  Ice            0%         4d7       100%        7
 Discord                  Hex            0%         N/A       100%        8
 Disjunction              Tloc           0%         N/A       100%        8
 Cigotuvi's Dreadful Rot  Necr/Pois/Air  Unusable   N/A       N/A         2
 Statue Form              Tmut/Erth      Unusable   N/A       N/A         6

Dungeon Overview and Level Annotations

Branches:
Dungeon (11/15)            Temple (0/1) D:6            Lair (5/5) D:11
 Shoals (0/4) Lair:3        Snake (0/4) Lair:3        Slime (0/5) Lair:4
  Sewer (visited)
    Orc: D:9-12

Altars:
Elyvilon
Fedhas
Gozag
Makhleb
Nemelex Xobeh
Ru
Uskayaw
Xom
Zin
The Shining One
Jiyva

Shops:
D:4 [   D:8 (?   D:9 [


Innate Abilities, Weirdness & Mutations

You are immune to sickness and miasma.
Your stone body is resilient. (AC +9)
You are immune to poison.
You resist negative energy. (rN+)
You are resistant to electric shocks. (rElec)
You are resistant to unholy torment.
You are immune to petrification.


Message History

A komodo dragon comes into view.
You sock the dream sheep!
You kill the dream sheep!
You sock the komodo dragon! You drain the komodo dragon.
The komodo dragon is heavily wounded.
The death yak gores you but does no damage.
The komodo dragon bites you but does no damage.
You barely miss the komodo dragon.
The komodo dragon is heavily wounded.
The death yak gores you!!
The komodo dragon bites you but does no damage.
You hit the komodo dragon. You drain the komodo dragon.
The komodo dragon is severely wounded.
The death yak gores you but does no damage.
You barely miss the komodo dragon.
The komodo dragon is severely wounded.
The komodo dragon bites you.
* * * LOW HITPOINT WARNING * * *
The death yak gores you.
* * * LOW HITPOINT WARNING * * *
You barely miss the komodo dragon.
The komodo dragon is severely wounded.
You block the komodo dragon's attack.
The death yak gores you but does no damage.
You hit the komodo dragon but do no damage.
The komodo dragon is severely wounded.
A bullfrog comes into view.
The komodo dragon bites you!
* * * LOW HITPOINT WARNING * * *
The death yak barely misses you.
As you read the scroll of teleportation, it crumbles to dust.
You feel strangely unstable.
The komodo dragon completely misses you.
The death yak gores you.
* * * LOW HITPOINT WARNING * * *
You sock the komodo dragon! You drain the komodo dragon.
You kill the komodo dragon!
A boulder beetle comes into view.
The death yak gores you!
You die...

#.~..~..≈ #####..........##
##†.~..~≈. ..# #............#
#...###### .. ##.........#.#
#..## ..# #...........## [~## #
~. #............# .##
.##.####..........## .#
.....###..........P# ##
#F##†##............# #.$
#..#@###...........# #..
#..#Y##.........#### ##..
##.##F###...#.......# .#..#
##.Y.BlF.............#
.##..######..##.##.#..........##
.~##.l......##..####.......#...#
#..##......##..## ##....##.#.##
#...########...# ##.....##....#
##..~..≈≈..~..## #P.....P#....#


You could see a death yak, a boulder beetle, a cane toad, a wyvern and a
bullfrog.

Vanquished Creatures
  Josephine (D:11)
  Harold (D:10)
  Fannar (D:10)
  3 hydras
  A two-headed ogre (D:11)
  2 death yaks
  A lindwurm (Lair:4)
  An ugly thing (D:11)
  3 cyclopes (D:11)
  Maurice (D:8)
  4 cane toads
  A gargoyle (D:10)
  5 black mambas
  2 torpor snails
  4 komodo dragons
  A kobold demonologist (D:10)
  3 rime drakes
  A troll (D:8)
  Grinder (D:3)
  A polar bear (Lair:3)
  4 dream sheep
  8 blink frogs (Lair:4)
  A shadow (D:11)
  3 wraiths (D:11)
  4 wyverns
  A vampire (D:11)
  33 yaks
  3 basilisks
  A naga (Lair:3)
  An acid dragon (D:9)
  8 water moccasins
  3 orc warriors
  4 black bears
  4 ogres
  A phantom (D:6)
  19 wolves
  4 centaurs
  3 kobold brigands
  4 bullfrogs
  A gnoll sergeant (D:9)
  3 scorpions
  4 wights (D:7)
  4 killer bees (D:7)
  4 howler monkeys
  12 electric eels
  4 hounds
  10 jellies
  3 orc priests
  2 gnoll boudas
  Jessica (D:3)
  2 iguanas
  15 orc wizards
  7 hell rats
  16 adders
  14 gnolls
  3 river rats (Sewer)
  2 shadow imps
  A white imp (D:8)
  An ufetubus (D:6)
  4 worms
  A dart slug (D:2)
  24 orcs
  19 ball pythons
  12 endoplasms
  6 giant cockroaches
  6 goblins
  6 hobgoblins
  2 jackals (Sewer)
  5 quokkas
  16 bats
  5 frilled lizards
  18 kobolds
  6 rats
386 creatures vanquished.

Vanquished Creatures (others)
  An angel (D:10)
  A floating eye (shapeshifter) (D:8)
  A bush (Lair:3)
  22 foxfires (Lair:5)
  18 fungi
  41 plants
84 creatures vanquished.

Grand Total: 470 creatures vanquished

Notes
Turn   | Place    | Note
-------+----------+-------------------------------------------
     0 | D:1      | greasedhog the Gargoyle Cinder Acolyte began the quest for
                  | the Orb.
     0 | D:1      | Reached XP level 1. HP: 14/14 MP: 2/2
   158 | D:1      | Reached XP level 2. HP: 18/19 MP: 3/3
   573 | D:1      | Reached skill level 1 in Armour
   793 | D:1      | Reached XP level 3. HP: 20/24 MP: 4/4
  1285 | D:2      | Reached XP level 4. HP: 26/29 MP: 5/5
  1340 | D:2      | Identified the +1 chain mail "Bolimoef" {Str+3}
  1685 | D:2      | Reached skill level 4 in Maces & Flails
  2265 | D:3      | Reached XP level 5. HP: 31/34 MP: 6/6
  2374 | D:3      | Noticed Jessica
  2382 | D:3      | Killed Jessica
  2383 | D:3      | Reached skill level 5 in Fighting
  2444 | D:3      | Found a hide-covered altar of Uskayaw.
  2487 | D:3      | Found a faded altar of an unknown god.
  2506 | D:3      | Noticed Grinder
  2528 | D:3      | Paralysed by Grinder for 3 turns
  2530 | D:3      | Killed Grinder
  2531 | D:3      | Reached skill level 5 in Maces & Flails
  2531 | D:3      | Reached XP level 6. HP: 19/41 MP: 7/7
  3064 | D:4      | Reached XP level 7. HP: 39/46 MP: 8/8
  3222 | D:4      | Found Rieklal's Armour Shoppe.
  3443 | D:4      | Reached skill level 1 in Dodging
  3628 | D:4      | Found a glowing golden altar of the Shining One.
  3662 | D:4      | Reached skill level 6 in Maces & Flails
  3672 | D:5      | Entered Level 5 of the Dungeon
  3684 | D:5      | Identified the +2 chain mail of Kacw {Rampage rC+ rN+}
  3811 | D:5      | Reached XP level 8. HP: 49/51 MP: 9/9
  4083 | D:5      | Found a sparkling altar of Nemelex Xobeh.
  4086 | D:5      | Found a sacrificial altar of Ru.
  4233 | D:5      | Found a burning altar of Makhleb.
  4247 | D:5      | Found an opulent altar of Gozag.
  4436 | D:5      | Reached skill level 7 in Maces & Flails
  5329 | D:6      | Found a glowing drain.
  5368 | D:6      | Reached skill level 5 in Armour
  5375 | D:6      | Reached XP level 9. HP: 36/55 MP: 10/10
  5398 | Sewer    | Entered a sewer
  6232 | D:6      | Reached skill level 1 in Evocations
  6303 | D:6      | Reached skill level 8 in Maces & Flails
  6668 | D:6      | Found a staircase to the Ecumenical Temple.
  6735 | D:6      | Reached skill level 5 in Dodging
  6800 | D:6      | Found a white marble altar of Elyvilon.
  7543 | D:7      | Reached skill level 9 in Maces & Flails
  7715 | D:8      | Noticed a boulder beetle
  7716 | D:8      | Noticed a centaur warrior
  7716 | D:8      | Noticed a komodo dragon
  7716 | D:8      | Noticed a meliai
  7725 | D:8      | Noticed a troll
  7726 | D:8      | Noticed a red ugly thing
  7726 | D:8      | Noticed a cyan ugly thing
  7726 | D:8      | Noticed an efreet
  7726 | D:8      | Noticed a centaur warrior
  7734 | D:8      | Killed a troll
  7735 | D:8      | Reached XP level 10. HP: 30/61 MP: 11/11
  7914 | D:8      | Noticed Maurice
  7957 | D:8      | Killed Maurice
  8158 | D:8      | Found Uloiqil's Weapon Boutique.
  8276 | D:8      | Found a blossoming altar of Fedhas.
  8438 | D:8      | Found Fomi's Magic Scroll Boutique.
  8448 | D:8      | Bought a scroll of identify for 28 gold pieces
  8448 | D:8      | Bought a scroll of identify for 28 gold pieces
  8448 | D:8      | Bought a scroll of identify for 28 gold pieces
  8568 | D:9      | Found Nosaizados's Antique Armour Boutique.
  8750 | D:9      | Reached skill level 5 in Evocations
  9169 | D:9      | Reached skill level 10 in Maces & Flails
  9920 | D:10     | Entered Level 10 of the Dungeon
  9928 | D:10     | Noticed Fannar
  9943 | D:10     | Killed Fannar
  9944 | D:10     | Reached skill level 1 in Shields
 10234 | D:10     | Found a glowing silver altar of Zin.
 10236 | D:10     | Noticed an angel
 10243 | D:10     | Found a shimmering altar of Xom.
 10257 | D:10     | Noticed a gargoyle
 10269 | D:10     | Killed a gargoyle
 10383 | D:10     | Killed an angel
 10594 | D:10     | Noticed a kobold demonologist
 10599 | D:10     | Noticed Harold
 11278 | D:10     | Killed Harold
 11279 | D:10     | Reached skill level 11 in Maces & Flails
 11279 | D:10     | Reached XP level 11. HP: 33/69 MP: 12/12
 11288 | D:10     | Noticed a soul eater
 11296 | D:10     | Upgraded the game from 0.30-a0-313-gae38170b09 to
                  | 0.30-a0-329-g85436e0a43
 11861 | D:11     | Noticed a cyclops
 11866 | D:11     | Killed a cyclops
 11929 | D:11     | Noticed a two-headed ogre
 11940 | D:11     | Killed a two-headed ogre
 12118 | D:11     | Noticed a cyclops
 12121 | D:11     | Killed a cyclops
 12196 | D:11     | Noticed a cyclops
 12203 | D:11     | Killed a cyclops
 12280 | D:11     | Found a staircase to the Lair.
 12299 | D:11     | Noticed Josephine
 12318 | D:11     | Killed Josephine
 12319 | D:11     | Reached skill level 10 in Fighting
 12950 | D:11     | Noticed a green ugly thing
 12958 | D:11     | Killed a green ugly thing
 12959 | D:11     | Reached skill level 12 in Maces & Flails
 12977 | Lair:1   | Entered Level 1 of the Lair of Beasts
 13218 | Lair:1   | Got the Incunabulum of Conduction and Variation
 13379 | Lair:1   | Reached skill level 5 in Shields
 14136 | Lair:2   | Found an opulent altar of Gozag.
 14152 | Lair:2   | Reached XP level 12. HP: 72/77 MP: 13/13
 14449 | Lair:2   | Noticed a death yak
 14471 | Lair:2   | Killed a death yak
 14765 | Lair:2   | Noticed a five-headed hydra
 14774 | Lair:2   | Killed a five-headed hydra
 15031 | Lair:3   | Identified the +3 chain mail of the Goldsmith {rF+}
 15313 | Lair:3   | Found a staircase to the Snake Pit.
 15321 | Lair:3   | You fall into a shaft and drop 2 floors!
 15321 | Lair:5   | Entered Level 5 of the Lair of Beasts
 15406 | Lair:5   | Noticed a four-headed hydra
 15418 | Lair:5   | Killed a four-headed hydra
 15652 | Lair:5   | Noticed a six-headed hydra
 15670 | Lair:5   | Noticed a death yak
 15672 | Lair:5   | Noticed a catoblepas
 15677 | Lair:5   | Noticed a seven-headed hydra
 15877 | Lair:4   | Reached skill level 10 in Armour
 15877 | Lair:4   | Reached XP level 13. HP: 31/82 MP: 14/14
 16438 | Lair:4   | Found a viscous altar of Jiyva.
 16438 | Lair:4   | Found a staircase to the Slime Pits.
 16969 | Lair:3   | Found a staircase to the Shoals.
 17736 | Lair:4   | Identified the +1 robe of the Minstrel {-Cast rElec rPois
                  | rF-}
 17816 | Lair:4   | Slain by a death yak

Illustrated notes

Levels and vault maps discovered:
D:1:      heliophobic_arrival_dark_side_of_the_moon, layout_basic
D:2:      kb_forest_paths, layout_rooms
D:3:      layout_rooms, mainiacjoe_overflow_paths,
          dreamdust_ecumenical_altar_grove, uniq_jessica, uniq_grinder
D:4:      layout_basic, tso_oasis_becter, serial_shops, shop,
          ebering_dispersal_statue_hall, serial_bayou_pond_b
D:5:      layout_loops_corners, grunt_temple_overflow_cloverleaf
D:6:      layout_basic, nicolae_elyvilon_temple_path, temple_statues,
          portal_sewer_entry_c
D:7:      layout_basic
D:8:      layout_rooms, fedhas_bush_and_centaur_altar, serial_shops,
          nicolae_shop_stone, nicolae_lakefront_shop, minivault_12, uniq_maurice
D:9:      layout_grid_maze, serial_shops, nicolae_inconvenience_store,
          eino_tiny_chamber
D:10:     layout_basic, grunt_temple_overflow_order_and_chaos_1, uniq_harold,
          uniq_fannar
D:11:     layout_roguey, lair_entry_dummy, uniq_josephine
Lair:1:   layout_regular_city, nicolae_lair_lil_pond, grunt_megastairs_2
Lair:2:   layout_cave_pods, basic_altar
Lair:3:   layout_concentric_octagons, elwin_shoals_entry_rocks,
          guppyfry_snake_entry_garden, serial_bayou_crossing
Lair:4:   layout_cave_shapes, nicolae_slime_entry_slimehenge, nzn_random_ring,
          infiniplex_staircase_pool_2
Lair:5:   evilmike_catoblepas_cave, layout_gridlike, grunt_megastairs_1,
          serial_bayou_shore_b

Skill      XL: |  1  2  3  4  5  6  7  8  9 10 11 12 13 |
---------------+----------------------------------------+-----
Armour         | 1 2 3 5 6 10 | 10.0
Fighting       | 4 5 6 8 10 | 10.0
Maces & Flails | 4 5 6 7 9 11 12 | 12.0
Dodging        | 2 4 5 8 9 |  9.0
Evocations     | 4 5 6 |  6.1
Shields        | 3 5 7 9 |  9.2
Spellcasting   | |  1.0
Fire Magic     | |  3.0

Action                   |  1- 3 |  4- 6 |  7- 9 | 10-12 | 13-15 || total
-------------------------+-------+-------+-------+-------+-------++-------
Melee: Mace              |   125 |   190 |   224 |       |       ||   539
       Punch             |       |       |     6 |     1 |       ||     7
       Flail             |       |       |   333 |   704 |   204 ||  1241
Invok: Fiery Armour      |       |     1 |     3 |     7 |       ||    11
       Foxfire Swarm     |       |       |       |     1 |       ||     1
Evoke: Wand              |       |       |       |     3 |       ||     3
  Use: Scroll            |     2 |     2 |     4 |    14 |     1 ||    23
       Potion            |       |       |     2 |     3 |       ||     5
Armor: Robe              |    56 |       |       |       |       ||    56
       Chain mail        |       |   145 |   399 |   453 |   102 ||  1099
Dodge: Dodged            |    99 |   102 |   292 |   433 |   115 ||  1041
Block: Kite shield       |       |       |       |   246 |   103 ||   349

Table legend: (Time is in decaauts)
 A = Elapsed time spent in this place.
 B = Non-inter-level travel time spent in this place.
 C = Inter-level travel time spent in this place.
 D = Time resting spent in this place.
 E = Time spent auto-exploring this place.
 F = Levels seen in this place.
 G = Mean time per level.
                   A        B        C        D        E       F      G
               +--------+--------+--------+--------+--------+-----+--------+
         Total |  18083 |  17538 |    545 |   3411 |  10648 |  17 | 1063.7 |
       Dungeon |  12498 |  12021 |    477 |   2193 |   7627 |  11 | 1136.2 |
          Lair |   4690 |   4623 |     67 |   1218 |   2477 |   5 |  938.0 |
         Sewer |    893 |    893 |      0 |      0 |    544 |   1 |  893.0 |
               +--------+--------+--------+--------+--------+-----+--------+

Top non-repeatable levels by time:
    D:10: 1966 daAuts
     D:5: 1503 daAuts
  Lair:3: 1421 daAuts
     D:9: 1393 daAuts
    D:11: 1289 daAuts
  Lair:2: 1286 daAuts
     D:2: 1116 daAuts
     D:1: 1106 daAuts
     D:6: 1045 daAuts
   Sewer: 893 daAuts
     D:4: 870 daAuts
     D:8: 823 daAuts
  Lair:4: 737 daAuts
     D:7: 734 daAuts
     D:3: 648 daAuts
